 Dungeon Crawl Stone Soup version 0.31-a0-986-g5e6e4ef867 (webtiles) character file.

Game seed: 15453199135671171584

396 lunkers the Ruffian (level 7, -1/52 HPs)
             Began as a Meteoran Shapeshifter on Nov 8, 2023.
             Was a Follower of Elyvilon.
             Slain by a gnoll sergeant
             ... wielding a +0 spear
              (6 damage)
             ... on level 3 of the Dungeon.
             The game lasted 00:05:24 (1298 turns).

lunkers the Ruffian (Meteoran Shapeshifter)         Turns: 1298, Time: 00:05:25

Health: -1/52      AC:  7    Str: 16    XL:     7   Next: 31%
Magic:  8/8        EV: 10    Int: 18    God:    Elyvilon [*.....]
Gold:   131        SH:  0    Dex: 15    Spells: 6/6 levels left

rFire   + .          .
                       - Unarmed
rCold   . . .        (no shield)
rNeg    . . .        t - +1 scale mail {rF+}
rPois   .            (helmet currently unavailable)
rElec   .            (cloak currently unavailable)
rCorr   .            (gloves currently unavailable)
SInv    .            (boots currently unavailable)
Will    .....        (no amulet) Stlth
                     g - +6 ring of intelligence
HPRegen 0.28/turn    (no ring)
MPRegen 0.11/turn

%: no passive effects
@: beast-form, glowing
A: beast (slay +3), sense surroundings 1, otherworldly, glowing, explore regen
a: Begin Untransformation, Renounce Religion, Purification


You were on level 3 of the Dungeon.
You worshipped Elyvilon.
Elyvilon was aware of your devotion.
You were a hulking beast.
You visited 1 branch of the dungeon, and saw 3 of its levels.

You collected 131 gold pieces.

Inventory:

Armour
 a - a +0 animal skin
 n - a +0 helmet
 o - a +0 ring mail
 t - a +1 scale mail of fire resistance (worn)
Jewellery
 g - a +6 ring of intelligence (left hand)
Talismans
 c - a beast talisman
 d - a flux talisman
 p - a maw talisman
Wands
 q - a wand of charming (3)
Scrolls
 e - 7 scrolls of identify
 i - a scroll of enchant armour {unknown}
 l - a scroll of blinking {unknown}
 m - a scroll of teleportation {unknown}
 s - a scroll of revelation {unknown}
Potions
 b - a potion of lignification
 f - a potion of haste
 j - 2 potions of degeneration {unknown}
 k - a potion of enlightenment {unknown}
 r - a potion of resistance {unknown}


   Skills:
 - Level 1.1 Fighting
 - Level 2.1 Dodging
 * Level 7.6 Unarmed Combat
 + Level 5.6 Shapeshifting


You had 6 spell levels left.
You didn't know any spells.
Your spell library was empty.

Dungeon Overview and Level Annotations

Branches:
Dungeon (3/15) Zot: 522

Altars:
Elyvilon


Innate Abilities, Weirdness & Mutations

You are a hulking beast.
Your limbs bulge with bestial killing power. (Slay +3)
You passively map a small area around you.
You are easily found by Zot.
You glow in the dark.
You regain HP and MP as you explore.


Message History

The hound is moderately wounded.
The hound misses you.
You closely miss the hound. You punch the hound.
The hound is heavily wounded.
The hound bites you but does no damage.
The gnoll sergeant hits you from afar with a +0 spear.
* * * LOW HITPOINT WARNING * * *
You closely miss the hound.
The hound is heavily wounded.
The hound misses you. The hound closely misses you.
You barely miss the hound.
The hound is heavily wounded.
The gnoll sergeant barely misses you. The hound bites you but does no damage.
You hit the hound.
The hound is severely wounded.
The hound barely misses you.
The gnoll sergeant hits you from afar with a +0 spear!
* * * LOW HITPOINT WARNING * * *
You barely miss the hound.
The hound is severely wounded.
The hound bites you.
* * * LOW HITPOINT WARNING * * *
The gnoll sergeant completely misses you.
The hound closely misses you.
You hit the hound.
The hound is almost dead.
The orc hits you but does no damage. The gnoll sergeant misses you.
The hound bites you.
* * * LOW HITPOINT WARNING * * *
You hit the hound.
You kill the hound!
The gnoll sergeant hits you from afar with a +0 spear!
* * * LOW HITPOINT WARNING * * *
The orc barely misses you.
You punch the orc!
You kill the orc!
The gnoll sergeant hits you from afar with a +0 spear.
* * * LOW HITPOINT WARNING * * *
The gnoll sergeant hits you with a +0 spear.
You die...

≈≈≈≈≈≈≈≈≈≈~≈≈≈≈≈≈≈~≈~≈≈≈≈≈≈≈≈~≈≈≈
#####≈≈≈~≈~~~~≈~~~~~~~~~≈~≈~~≈~~~
#go.#............................
#...############################+
###+#, , ~.# , ##################
* * ~.# , #......#8..8#..... , *
≈.# * g'##.,#8..'....'... , * ~.#
......#8).hg...'..., ~.#
.......)).#...)#.) , ≈.#
''#########.)).#* ~.# * ^ , ,
#....# ~.#.. , * #....#,* * , ,
###'# , #.)..#, , ,
#...#############''''###### **
#.g.#.........)............ ,.
#####~~~~~~~~≈≈)~....~~~~~≈ ~≈


You could see a gnoll sergeant.

Vanquished Creatures
  2 howler monkeys (D:3)
  A hound (D:3)
  An orc wizard (D:3)
  3 adders
  14 gnolls (D:3)
  2 worms (D:2)
  A dart slug (D:1)
  12 orcs (D:3)
  4 endoplasms (D:1)
  2 giant cockroaches
  2 goblins (D:1)
  2 hobgoblins (D:1)
  19 jackals (D:3)
  6 quokkas
  5 ball pythons
  4 bats
  A frilled lizard (D:1)
  3 kobolds (D:1)
  4 rats
88 creatures vanquished.

Notes
Turn   | Place    | Note
-------+----------+-------------------------------------------
     0 | D:1      | lunkers the Meteoran Shapeshifter began the quest for the
                  | Orb.
     0 | D:1      | Reached XP level 1. HP: 16/16 MP: 2/2
    89 | D:1      | Reached XP level 2. HP: 17/23 MP: 3/3
    97 | D:1      | Reached skill level 4 in Unarmed Combat
   141 | D:1      | Reached XP level 3. HP: 17/28 MP: 4/4
   623 | D:2      | Reached XP level 4. HP: 23/35 MP: 5/5
   729 | D:3      | Reached skill level 5 in Unarmed Combat
   823 | D:3      | Found a faded altar of an unknown god.
   837 | D:3      | Prayed at the altar of an unknown god.
   837 | D:3      | Became a worshipper of Elyvilon the Healer
   837 | D:3      | Reached * piety under Elyvilon
   889 | D:3      | Reached XP level 5. HP: 39/40 MP: 6/6
  1023 | D:3      | Reached skill level 6 in Unarmed Combat
  1027 | D:3      | Reached XP level 6. HP: 42/47 MP: 7/7
  1174 | D:3      | Reached skill level 5 in Shapeshifting
  1229 | D:3      | HP: 1/47 [howler monkey (5)]
  1231 | D:3      | Reached skill level 7 in Unarmed Combat
  1236 | D:3      | Reached XP level 7. HP: 27/52 MP: 8/8
  1283 | D:3      | HP: 1/52 [gnoll/+1 vampiric halberd (9)]
  1298 | D:3      | Slain by a gnoll sergeant

Illustrated notes

Levels and vault maps discovered:
D:1:      wander_arrival_peaceful_grave, layout_rooms, minivault_26
D:2:      layout_loops_ring, minmay_pentomino_x2
D:3:      lemuel_castle_with_subvaults [lemuel_castle_interior_carwin_2],
          layout_loops_corners, dreamdust_ecumenical_altar_grove

Skill      XL: |  1  2  3  4  5  6 |
---------------+-------------------+-----
Unarmed Combat | 4 5 6 7 |  7.6
Shapeshifting  | 4 5 |  5.6
Fighting       | |  1.1
Dodging        | |  2.1

Action                     |  1- 3 |  4- 6 |  7- 9 || total
---------------------------+-------+-------+-------++-------
  Melee: Unarmed           |    67 |   139 |    34 ||   240
         Punch             |     2 |     5 |     2 ||     9
    Use: Scroll            |       |     1 |       ||     1
         Potion            |       |     2 |     1 ||     3
 Armour: Animal skin       |    24 |       |       ||    24
         Ring mail         |     8 |    49 |       ||    57
         Scale mail        |       |    41 |    26 ||    67
  Dodge: Dodged            |    26 |   103 |    25 ||   154

Table legend: (Time is in decaauts)
 A = Elapsed time spent in this place.
 B = Non-inter-level travel time spent in this place.
 C = Inter-level travel time spent in this place.
 D = Time resting spent in this place.
 E = Time spent auto-exploring this place.
 F = Levels seen in this place.
 G = Mean time per level.
                   A        B        C        D        E       F      G
               +--------+--------+--------+--------+--------+-----+--------+
         Total |   1276 |   1222 |     54 |      0 |    724 |   3 |  425.3 |
       Dungeon |   1276 |   1222 |     54 |      0 |    724 |   3 |  425.3 |
               +--------+--------+--------+--------+--------+-----+--------+

Top non-repeatable levels by time:
     D:3: 565 daAuts
     D:2: 471 daAuts
     D:1: 238 daAuts
